 Dungeon Crawl Stone Soup version 0.19.5 (console) character file.

265 Grinner the Cutter (level 5, -4/27 HPs)
             Began as a Spriggan Fighter on Mar 2, 2017.
             Killed by divine providence
             ... invoked by an orc priest
              (16 damage)
             ... on level 4 of the Dungeon.
             The game lasted 00:06:27 (3682 turns).

Grinner the Cutter (Spriggan Fighter)               Turns: 3682, Time: 00:06:28

Health: -4/27      AC:  4    Str: 11    XL:     5   Next: 99%
Magic:  6/6        EV: 19    Int:  9    God:
Gold:   149        SH:  7    Dex: 16    Spells: 0 memorised, 4 levels left

rFire  . . .     SeeInvis +     a - +1 rapier
rCold  + . .     Gourm    .     b - +0 robe
rNeg   . . .     Faith    .     c - +0 buckler
rPois  .         Spirit   .     (helmet restricted)
rElec  .         Reflect  .     m - +0 cloak
rCorr  .         Harm     .     (gloves unavailable)
MR     .....     Rnd*Tele +     (boots unavailable)
Stlth  +++.......               (no amulet)
                                e - ring of teleportation (curse)
                                d - ring of protection from cold

@: very quick
A: unfitting armour, rugged brown scales 1, see invisible, herbivore 3, speed 3,
slow metabolism 2, weak 1, wild magic 1
a: no special abilities


You were on level 4 of the Dungeon.
You were full.

You visited 1 branch of the dungeon, and saw 4 of its levels.

You collected 149 gold pieces.

Inventory:

Hand Weapons
 a - a +1 rapier (weapon)
Armour
 b - a +0 robe (worn)
 c - a +0 buckler (worn)
 m - a +0 cloak (worn)
Jewellery
 d - a ring of protection from cold (left hand)
 e - a cursed ring of teleportation (right hand)
Scrolls
 g - a scroll of teleportation {unknown}
 h - a scroll of amnesia
 i - 2 scrolls of identify
Potions
 n - 2 potions of lignification
Comestibles
 f - 2 bread rations


   Skills:
 - Level 2.4 Fighting
 + Level 4.9 Short Blades
 - Level 4.4 Dodging
 + Level 3.7 Stealth
 + Level 3.4 Shields


You had 4 spell levels left.
You didn't know any spells.

Dungeon Overview and Level Annotations

Branches:
Dungeon (4/15)             Temple (0/1) D:4

Altars:


Innate Abilities, Weirdness & Mutations

You are very small and have problems with some larger weapons.
You are too small for most types of armour.
You have supernaturally acute eyesight. (SInv)
You are a herbivore.
You cover ground extremely quickly.
You need consume almost no food.
You are partially covered in rugged brown scales. (AC +1, +3% HP)
You are weak. (Str -2)
Your spells are a little harder to cast, but a little more powerful.


Message History

The orc priest begins to cast a cantrip, but forgets the words!
You hit the orc wizard.
The orc wizard is moderately wounded.
You block the orc wizard's attack. You block the leopard gecko's attack.
You block the orc wizard's attack. The orc priest completely misses you.
The orc hits you with a war axe!
* * * LOW HITPOINT WARNING * * *
You are too injured to fight recklessly!
You are too injured to fight recklessly!
You are too injured to fight recklessly!
You are too injured to fight recklessly!
You are too injured to fight recklessly!
You are too injured to fight recklessly!
You are too injured to fight recklessly!
You feel better. The leopard gecko misses you.
The orc wizard hits you but does no damage.
The orc priest calls down the wrath of Beogh upon you.
Beogh smites you!
Ouch! That really hurt!
You die...

,,,,,,* *,***#,,*
,,,,,,***,*#,,..*
,,,,,,,,,,*#.*#.*
,,,,,,**,.##.##.#### ##
,,,*,,**,..........# #.
,,,*,,,,,..........#############.
,,,*,***,**#.......##............
,,,,,,**,* #...o......##########.
,,,,,,,,,* #...l@..#### #.
***#...*** #...oo..#* ## * #...*
#>.......# #...# ####.....# #...#
###...# ### #...# ##.## #######
#.. ####...####### #.# #...>.#
#'# .............#####.####.....#
#() .....>.............##.......#
#%(


You could see an orc priest, an orc wizard, an orc and a leopard gecko.

Vanquished Creatures
  A water moccasin skeleton (D:3)
  A hound (D:4)
  Terence (D:3)
  A worker ant (D:4)
  Robin (D:2)
  4 adders (D:3)
  2 oozes
  A worm (D:2)
  A dart slug (D:3)
  6 leopard geckos
  An orc (D:4)
  2 ball pythons
  3 giant cockroaches
  11 goblins
  13 hobgoblins
  2 kobolds
  3 quokkas
  3 bats
  6 frilled lizards
  6 rats
69 creatures vanquished.

Notes
Turn   | Place    | Note
-------+----------+-------------------------------------------
     0 | D:1      | Grinner the Spriggan Fighter began the quest for the Orb.
     0 | D:1      | Reached XP level 1. HP: 11/11 MP: 2/2
   211 | D:1      | Reached XP level 2. HP: 16/16 MP: 3/3
   793 | D:2      | Reached XP level 3. HP: 19/19 MP: 4/4
  1342 | D:2      | Noticed Robin
  1645 | D:2      | Gained mutation: You are partially covered in rugged brown scales. (AC +1, +3% HP) [potion of mutation]
  1645 | D:2      | Gained mutation: You are weak. (Str -2) [potion of mutation]
  1645 | D:2      | Gained mutation: Your spells are a little harder to cast, but a little more powerful. [potion of mutation]
  2109 | D:3      | Noticed an ice beast
  2111 | D:3      | Reached XP level 4. HP: 21/23 MP: 5/5
  2133 | D:3      | HP: 1/23 [ice beast (5)]
  2469 | D:2      | Killed Robin
  2469 | D:2      | Reached skill level 1 in Stealth
  3186 | D:3      | Noticed Terence
  3193 | D:3      | Killed Terence
  3193 | D:3      | Reached XP level 5. HP: 24/27 MP: 6/6
  3682 | D:4      | Killed from afar by an orc priest

Skill      XL: |  1  2  3  4  5 |
---------------+----------------+-----
Short Blades   | 3 4 |  4.9
Shields        | 3 |  3.4
Stealth        | 2 3 |  3.7
Fighting       | |  2.4
Dodging        | |  4.4

Action                   |  1- 3 |  4- 6 || total
-------------------------+-------+-------++-------
Melee: Rapier            |   139 |   153 ||   292
  Use: Potion            |     4 |     1 ||     5
       Scroll            |       |     6 ||     6
 Stab: Sleeping          |     2 |     5 ||     7
  Eat: Bread ration      |       |     1 ||     1
Armor: Robe              |     4 |    20 ||    24
Dodge: Dodged            |   106 |   106 ||   212
Block: Buckler           |    46 |    46 ||    92
